 Dungeon Crawl Stone Soup version 0.18.1-48-g4cf74bf (webtiles) character file.

206 Alarkh the Shooter (level 5, -4/38 HPs)
             Began as a Mummy Hunter on Aug 31, 2016.
             Slain by an ogre
             ... wielding a +0 giant spiked club
              (8 damage)
             ... on level 4 of the Dungeon.
             The game lasted 00:06:07 (3025 turns).

Alarkh the Shooter (Mummy Hunter)                   Turns: 3025, Time: 00:06:07

Health: -4/38      AC:  3    Str: 15    XL:     5   Next: 53%
Magic:  5/5        EV: 11    Int: 12    God:
Gold:   132        SH:  0    Dex: 12    Spells: 0 memorised, 4 levels left

rFire  x . .     SeeInvis .     a - +1 shortbow
rCold  + . .     Gourm    .     c - +0 leather armour
rNeg   + + +     Faith    .     (shield currently unavailable)
rPois  ∞         Spirit   .     (no helmet)
rElec  .         Dismiss  .     (no cloak)
rCorr  .         Reflect  .     (no gloves)
SustAt +         Harm     .     (no boots)
MR     .....                    (no amulet)
Stlth  +.........               (no ring)
                                i - ring of sustain attributes

@: not resistant to hostile enchantments, very unstealthy
A: no food or potions, fire vulnerability, cold resistance 1, negative energy
resistance 3, torment resistance, unbreathing
a: no special abilities


You were on level 4 of the Dungeon.
You were not hungry.

You visited 1 branch of the dungeon, and saw 4 of its levels.

You collected 132 gold pieces.

Inventory:

Hand Weapons
 a - a +1 shortbow (weapon)
 b - a +1 dagger of venom
 g - a +0 short sword
Missiles
 d - 24 arrows (quivered)
Armour
 c - a +0 leather armour (worn)
Jewellery
 i - a ring of sustain attributes (left hand)
Scrolls
 e - a scroll of identify
 f - 2 scrolls of immolation
 h - a scroll of enchant armour
 j - a scroll of recharging
 k - a scroll of random uselessness {unknown}


   Skills:
 - Level 2.0 Fighting
 + Level 5.7 Bows
 - Level 1.5 Dodging
 - Level 0.7 Stealth


You had 4 spell levels left.
You didn't know any spells.

Dungeon Overview and Level Annotations

Branches:
Dungeon (4/15)
 Temple: D:4-7

Altars:
Cheibriados
Makhleb
Vehumet

Annotations:
D:3 ThereIsNoGod's ghost, amateur MiGl


Innate Abilities, Weirdness & Mutations

You do not eat or drink.
Your flesh is vulnerable to fire.
You are immune to poison.
Your flesh is cold resistant.
You are immune to negative energy.
You are immune to unholy pain and torment.
You can survive without breathing.


Message History

Firing (i - inventory):
d - 27 arrows (quivered)
Press: ? - help, Shift-Dir - straight line, f/p - adder
Aim: an adder (moderately wounded)
You shoot an arrow. The arrow hits the adder.
The adder is severely wounded.
The adder barely misses you.
Firing (i - inventory):
d - 26 arrows (quivered)
Press: ? - help, Shift-Dir - straight line, f/p - adder
Aim: an adder (severely wounded)
You shoot an arrow. The arrow misses the adder.
The arrow barely misses the ogre.
The arrow hits the adder skeleton!
The adder bites you.
* * * LOW HITPOINT WARNING * * *
Firing (i - inventory):
d - 25 arrows (quivered)
Press: ? - help, Shift-Dir - straight line, f/p - adder
Aim: an adder (heavily wounded)
You shoot an arrow. The arrow hits the adder!
You kill the adder!
The ogre hits you with a giant spiked club!
You die...

### #. #(# #..
.. ...##. #(#
### ..
###....#### #(#
.. #.........#
#.# ..
#.........####.#
..
#..............#
..
#........Z######
#.......O.#
#......@..#
######.####
##.#### #.....#
#.....# ##
#.....# .#
##.#### .# #.#
.# #.#


You could see an ogre and an adder skeleton.

Vanquished Creatures
  An orc priest (D:2)
  An orc wizard (D:2)
  5 adders
  An ooze (D:1)
  3 worms
  4 dart slugs
  A giant gecko (D:2)
  6 orcs
  2 ball pythons (D:3)
  5 bats
  7 giant cockroaches
  8 goblins
  10 hobgoblins
  2 jackals (D:4)
  2 quokkas
  5 giant newts
  6 kobolds
  7 rats
76 creatures vanquished.

Notes
Turn   | Place    | Note
--------------------------------------------------------------
     0 | D:1      | Alarkh the Mummy Hunter began the quest for the Orb.
     0 | D:1      | Reached XP level 1. HP: 16/16 MP: 1/1
   115 | D:1      | Reached XP level 2. HP: 14/22 MP: 2/2
   308 | D:1      | Reached skill level 4 in Bows
   459 | D:1      | Reached XP level 3. HP: 23/27 MP: 3/3
  1010 | D:2      | Reached XP level 4. HP: 24/33 MP: 4/4
  1410 | D:2      | Reached skill level 5 in Bows
  1518 | D:2      | Reached XP level 5. HP: 14/38 MP: 5/5
  2015 | D:3      | Found a radiant altar of Vehumet.
  2350 | D:3      | Noticed ThereIsNoGod's ghost (amateur MiGl)
  2808 | D:3      | Found a snail-covered altar of Cheibriados.
  2808 | D:3      | Found a burning altar of Makhleb.
  2992 | D:4      | Noticed an ogre
  3025 | D:4      | Slain by an ogre

Skill      XL: |  1  2  3  4 |
---------------+-------------+-----
Bows           | 4 5 |  5.7
Fighting       | |  2.0
Dodging        | |  1.5
Stealth        | |  0.7

Action                   |  1- 3 |  4- 6 || total
-------------------------+-------+-------++-------
Melee: Short sword       |    36 |       ||    36
       Dagger            |    57 |   149 ||   206
 Fire: Shortbow          |    17 |     6 ||    23
  Use: Scroll            |     1 |     2 ||     3
 Stab: Sleeping          |     3 |       ||     3
Armor: Leather armour    |    39 |    31 ||    70
Dodge: Dodged            |    48 |    98 ||   146
